Cogmind - Beta 11 *** ADVENTURER MODE // 2022.04.16 @ 18:53:29 Player: Ms Vella Result: Destroyed by Y-45 Defender with Beam Rifle Performance ------------- Evolutions (2) 1000 Regions Visited (8) 1600 Robots Destroyed (90) 450 Value Destroyed (2372) 2372 Prototype IDs (0) 0 Alien Tech Used (0) 0 Bonus (222) 222 TOTAL SCORE: 5644 Bonus ------- High Alert Combat Kills 22 Entered Garrisons 200 Cogmind --------- Core Integrity 0/550 Matter 95/300 Energy 100/100 System Corruption 4% Temperature Cool (27) Movement Treading (250) Ox1 Location -8/Garrison Parts ------- > --- POWER (1) -------- (None) > --- PROPULSION (2) --- Armored Treads Armored Treads > --- UTILITY (6) ------ High-capacity Storage Unit Trap Scanner > --- WEAPON (2) ------- Advanced Assault Cannon > --- INVENTORY (20) --- Armored Treads Improved Heat Sink Coolant Injector High-capacity Storage Unit High-capacity Battery (250) High-capacity Matter Pod (0) Terrain Scanner Seismic Detector Recoil Stabilizer Light Armor Plating Light Armor Plating Particle Cannon Particle Cannon Peak State ------------ > --- POWER ------------ Light Nuclear Core > --- PROPULSION ------- Improved Treads Improved Treads > --- UTILITY ---------- High-capacity Storage Unit Structural Scanner Trap Scanner Terrain Scan Processor Light Armor Plating Shield Generator > --- WEAPON ----------- Advanced Assault Cannon Advanced Assault Cannon > --- INVENTORY -------- Armored Treads Armored Treads Armored Treads Improved Heat Sink Coolant Injector High-capacity Storage Unit High-capacity Battery High-capacity Battery High-capacity Matter Pod Terrain Scanner Seismic Detector Recoil Stabilizer Light Armor Plating Light Armor Plating Particle Cannon Particle Cannon Advanced Assault Cannon Advanced Assault Cannon Rocket Launcher [Rating: 29] Favorites ----------- Power Ion Engine Engine Ion Engine Power Core Light Nuclear Core Propulsion Improved Treads Treads Improved Treads Leg Aluminum Leg Wheel Wheel Utility Terrain Scan Processor Device Terrain Scanner Storage High-capacity Storage Unit Processor Terrain Scan Processor Protection Medium Armor Plating Weapon Assault Rifle Energy Gun Particle Gun Energy Cannon Particle Cannon Ballistic Gun Assault Rifle Ballistic Cannon Light Cannon Launcher Rocket Launcher Build | -11 -10 -10 -9 -9 -9 -8 -8 -8 ------- Run | Scr Mat Min Mat Min Exi Min Mat Gar Slots Evolved 4 | . . . 2 . . . 2 . Power . | . . . . . . . . . Propulsion . | . . . . . . . . . Utility 4 | . . . 2 . . . 2 . Weapon . | . . . . . . . . . Parts Attached 67 | 3 6 4 13 1 . 14 15 11 Power 7 | . 1 . 3 . . 1 1 1 Engine 6 | . 1 . 3 . . 1 1 . Core 1 | . . . . . . . . 1 Reactor . | . . . . . . . . . Propulsion 13 | 2 . 2 4 . . 1 2 2 Treads 11 | 2 . . 4 . . 1 2 2 Leg . | . . . . . . . . . Wheel 2 | . . 2 . . . . . . Hover . | . . . . . . . . . Flight . | . . . . . . . . . Utility 19 | . 3 . 4 1 . 5 4 2 Device 12 | . 2 . 2 . . 5 2 1 Storage 2 | . 1 . . 1 . . . . Processor 1 | . . . 1 . . . . . Hackware . | . . . . . . . . . Protection 4 | . . . 1 . . . 2 1 Artifact . | . . . . . . . . . Weapon 28 | 1 2 2 2 . . 7 8 6 Energy Gun 3 | . . 2 1 . . . . . Energy Cannon 1 | . . . . . . . 1 . Ballistic Gun 7 | 1 . . 1 . . 5 . . Ballistic Cannon 13 | . 2 . . . . 1 5 5 Launcher 4 | . . . . . . 1 2 1 Special Weapon . | . . . . . . . . . Impact Weapon . | . . . . . . . . . Slashing Weapon . | . . . . . . . . . Piercing Weapon . | . . . . . . . . . Special Melee Weapon . | . . . . . . . . . Unidentified Prototypes . | . . . . . . . . . Parts Lost 28 | . . 6 2 . . 7 3 10 Power 4 | . . . 1 . . . 2 1 Propulsion 6 | . . 2 . . . 1 1 2 Utility 8 | . . 1 . . . 3 . 4 Weapon 10 | . . 3 1 . . 3 . 3 Highest Loss Streak 10 | . . 6 1 . . 3 1 10 To Critical Strikes . | . . . . . . . . . Average Slot Usage (%) 93 | . 87 76 99 100 100 81 97 88 Engine 10 | . 14 14 11 11 11 11 8 . Treads 20 | . 28 14 15 22 22 21 17 16 Device 11 | . 2 6 15 11 11 4 27 24 Storage 11 | . 14 14 11 11 11 11 9 9 Processor 8 | . . . 11 11 11 11 9 7 Protection 5 | . . . 6 11 11 . 6 7 Energy Gun 6 | . 3 6 13 11 11 . . . Ballistic Gun 8 | . 3 . 8 11 11 13 6 . Ballistic Cannon 5 | . 21 14 . . . 7 6 9 Naked Turns . | . . . . . . . . . Heaviest Build 69 | 12 36 32 40 58 58 59 69 62 Greatest Support 46 | 40 40 40 46 46 46 46 46 46 Greatest Overweight (x) 16 | . . 8 1 1 1 1 1 16 Average Overweight (x) . | . . 1 . . 1 1 1 1 Largest Inventory Capacity 20 | 8 15 15 15 20 20 20 20 20 Average Capacity 18 | 8 12 15 15 19 20 20 20 20 Most Carried 20 | 6 15 15 15 16 17 19 20 20 Average Carried 15 | 2 8 14 13 15 16 17 18 18 Final Capacity 20 | 8 15 15 15 20 20 20 20 20 Final Carried 20 | 1 15 14 15 16 17 15 20 13 Class Distribution -------------------- 58% | Scavenger-Mutant 29% | Mutant 12% | Scavenger-Skirmisher Dominant Class ---------------- Mutant | -10/Materials Mutant | -10/Mines Scavenger-Mutant | -9/Materials Scavenger-Mutant | -9/Mines Scavenger-Mutant | -9/Exiles Mutant | -8/Mines Scavenger-Skirmisher | -8/Materials Scavenger-Skirmisher | -8/Garrison Resources | -11 -10 -10 -9 -9 -9 -8 -8 -8 ----------- Run | Scr Mat Min Mat Min Exi Min Mat Gar Matter Collected 1763 | 180 273 39 219 10 . 606 394 42 Remotely . | . . . . . . . . . Salvage Created 2486 | . 469 45 740 . . 582 521 129 Parts 167 | . 35 6 43 . . 40 36 7 Haulers Intercepted . | . . . . . . . . . Recyclers Shooed 1 | . 1 . . . . . . . Parts Field Recycled . | . . . . . . . . . Retrieved Matter . | . . . . . . . . . Parts Self-Destructed . | . . . . . . . . . Prevented . | . . . . . . . . . Kills | -11 -10 -10 -9 -9 -9 -8 -8 -8 ------- Run | Scr Mat Min Mat Min Exi Min Mat Gar Combat Hostiles Destroyed 72 | . 8 2 19 . . 16 20 7 Guns 32 | . 2 1 18 . . 7 4 . Cannons 23 | . 6 1 . . . 4 8 4 AOE 17 | . . . 1 . . 5 8 3 Classes Destroyed 13 | . 4 1 5 . . 2 1 . Worker 5 | . . . 1 . . 3 1 . Builder 7 | . 1 2 . . . 3 1 . Tunneler 3 | . 2 . . . . 1 . . Recycler 3 | . 2 . 1 . . . . . Operator 1 | . . . 1 . . . . . Watcher 1 | . . . . . . . 1 . Swarmer 24 | . . . 9 . . 3 8 4 Grunt 31 | . 8 . 6 . . 10 7 . Brawler 3 | . . . 1 . . 1 . 1 Duelist 2 | . . . . . . 1 . 1 Sentry 9 | . . . 3 . . . 5 1 Hunter 1 | . . . . . . 1 . . Assembled 2 | . . 2 . . . . . . Best Kill Streak 10 | . 4 2 7 . . 10 6 3 Combat Bots Only 6 | . 4 1 6 . . 6 5 3 Max Kills in Single Turn 5 | . 1 1 2 . . 2 5 3 Gunslinging 1 | . . . 1 . . . . . Exploded 4 | . . . 1 . . 1 4 3 Melee . | . . . . . . . . . Uniques/NPCs Destroyed . | . . . . . . . . . Combat | -11 -10 -10 -9 -9 -9 -8 -8 -8 -------- Run | Scr Mat Min Mat Min Exi Min Mat Gar Damage Taken 4679 | . 283 575 486 . . 1072 966 1297 Core 891 | . 50 93 52 . . 144 166 386 Absorbed by Shields 35 | . . . . . . . . 35 Core Remaining (%) 64 | 100 . 42 . . . 51 . . Volleys Fired 211 | . 28 16 47 . . 69 35 16 Largest 2 | . 2 2 2 . . 2 2 2 Hottest 116 | . 70 75 105 . . 88 112 116 Shots Fired 367 | . 56 20 87 . . 119 63 22 Gun 222 | . 22 13 87 . . 84 16 . Cannon 129 | . 34 7 . . . 25 43 20 Launcher 16 | . . . . . . 10 4 2 Special . | . . . . . . . . . Kinetic 252 | . 45 7 31 . . 103 50 16 Thermal 61 | . . . 42 . . 6 9 4 Explosive 16 | . . . . . . 10 4 2 Electromagnetic 38 | . 11 13 14 . . . . . Robot Hit Streak 24 | . 11 13 24 . . 18 16 15 Robot Miss Streak 5 | . 2 4 2 . . 3 5 2 Penetration Max . | . . . . . . . . . Secondary Targets 4 | . . . 3 . . 1 . . Max Gunslinging Chain 1 | . . . 1 . . 1 . . Shots Hit Robots 267 | . 37 10 64 . . 92 47 17 Core Hits 160 | . 19 6 31 . . 43 49 12 Critical Kills . | . . . . . . . . . Critical Parts Destroyed 1 | . . . . . . 1 . . Critical Strikes 7 | . 1 . 4 . . 1 1 . Burn 4 | . . . 4 . . . . . Destroy 1 | . . . . . . 1 . . Blast 2 | . 1 . . . . . 1 . Melee Attacks . | . . . . . . . . . Impact . | . . . . . . . . . Slashing . | . . . . . . . . . Piercing . | . . . . . . . . . Sneak Attacks . | . . . . . . . . . Combat Hostiles . | . . . . . . . . . Follow-up Attacks . | . . . . . . . . . Damage Inflicted 6057 | . 553 171 1016 5 . 2087 1588 637 Guns 2431 | . 224 87 959 . . 920 241 . Cannons 2052 | . 328 84 . . . 381 868 391 Explosions 1545 | . . . 56 . . 769 474 246 Melee . | . . . . . . . . . Ramming 29 | . 1 . 1 5 . 17 5 . Kinetic 3284 | . 432 84 287 . . 1207 945 329 Thermal 977 | . . . 629 . . 122 164 62 Explosive 1461 | . . . . . . 741 474 246 Electromagnetic 306 | . 120 87 99 . . . . . Impact . | . . . . . . . . . Slashing . | . . . . . . . . . Piercing . | . . . . . . . . . Highest Corruption 4 | . . 2 . . . . . 4 Average Corruption 2 | . . 2 . . . . . 3 Corruption Purged . | . . . . . . . . . Corruption Blocked . | . . . . . . . . . Effects 1 | . . 1 . . . . . . Heat Flow Errors 1 | . . 1 . . . . . . Overload Shots . | . . . . . . . . . Overflow Damage 105 | . 6 . . . . 38 31 30 Projectiles 13 | . 6 . . . . 7 . . Explosions 92 | . . . . . . 31 31 30 Melee . | . . . . . . . . . Knockbacks 27 | . 7 1 . . . 7 11 1 Impact . | . . . . . . . . . Kinetic 26 | . 6 1 . . . 7 11 1 Secondary 1 | . 1 . . . . . . . Self-Inflicted Damage 48 | . . . . . . 32 . 16 Shots 3 | . . . . . . 2 . 1 Rammed 6 | . 1 . 1 1 . 2 1 . Targets Rammed 6 | . 1 . 1 1 . 2 1 . Kicked . | . . . . . . . . . Crushed . | . . . . . . . . . Highest Temperature 330 | . 201 233 236 . . 162 330 157 Average Temperature 73 | . 58 65 80 . . 38 110 72 Received Heat Transfer 1950 | . 246 200 111 . . 486 558 349 Siege Activations . | . . . . . . . . . Robots Corrupted . | . . . . . . . . . Combat Hostiles . | . . . . . . . . . Parts Fried 1 | . . 1 . . . . . . Impact Corruptions . | . . . . . . . . . Robots Melted . | . . . . . . . . . Combat Hostiles . | . . . . . . . . . Parts Melted 3 | . . . 2 . . 1 . . Heat Transferred 2444 | . . . 1765 . . 272 296 111 Parts Sabotaged . | . . . . . . . . . Parts Stolen . | . . . . . . . . . Parts Stripped . | . . . . . . . . . Power Chain Reactions 1 | . . . 1 . . . . . Missiles Intercepted . | . . . . . . . . . Alert | -11 -10 -10 -9 -9 -9 -8 -8 -8 ------- Run | Scr Mat Min Mat Min Exi Min Mat Gar Peak Influence 444 | . 189 34 367 121 . 390 444 353 Initial 248 | . . 34 7 121 . . 18 248 Average 150 | . 102 25 209 76 . 158 200 286 Maximum Alert Level 2 | . . . 1 . . 1 2 1 Low Security (%) 69 | 100 100 100 38 100 . 62 63 . Level 1 27 | . . . 61 . . 37 23 100 Level 2 2 | . . . . . . . 12 . Level 3 . | . . . . . . . . . Level 4 . | . . . . . . . . . Level 5 . | . . . . . . . . . High Security . | . . . . . . . . . Max Security . | . . . . . . . . . Squads Dispatched 7 | . . . 2 . . 1 4 . Investigation 2 | . . . 1 . . . 1 . Extermination . | . . . . . . . . . Reinforcement 3 | . . . 1 . . 1 1 . Assault . | . . . . . . . . . Garrison 2 | . . . . . . . 2 . Intercept . | . . . . . . . . . Searches Triggered . | . . . . . . . . . Construction Impeded 1 | . . . . . . 1 . . Haulers Reinforced . | . . . . . . . . . Active Scanning Responses . | . . . . . . . . . Cargo Convoy Interrupts . | . . . . . . . . . Stealth | -11 -10 -10 -9 -9 -9 -8 -8 -8 --------- Run | Scr Mat Min Mat Min Exi Min Mat Gar Distress Signals 6 | . 1 . 2 . . . 3 . Communications Jammed . | . . . . . . . . . Distress Signals . | . . . . . . . . . Times Spotted 120 | . 16 19 28 . . 19 28 10 Peak Tracking Total 17 | . 5 17 6 . . 5 6 9 Tactical Retreats 4 | . . . 1 . . 2 1 . Traps | -11 -10 -10 -9 -9 -9 -8 -8 -8 ------- Run | Scr Mat Min Mat Min Exi Min Mat Gar Traps Triggered 2 | . . . 2 . . . . . Indirectly . | . . . . . . . . . Trap Hack Attempts . | . . . . . . . . . Triggered . | . . . . . . . . . Disarmed . | . . . . . . . . . Reprogrammed . | . . . . . . . . . Reused . | . . . . . . . . . Traps Extracted . | . . . . . . . . . Installed . | . . . . . . . . . Triggered . | . . . . . . . . . Machines | -11 -10 -10 -9 -9 -9 -8 -8 -8 ---------- Run | Scr Mat Min Mat Min Exi Min Mat Gar Machines Disabled 3 | . . . . . . 1 2 . Max in Single Turn 1 | . . . . . . 1 1 . Machines Sabotaged . | . . . . . . . . . Garrisons Compromised . | . . . . . . . . . Overloaded Fab Kills . | . . . . . . . . . Hacking | -11 -10 -10 -9 -9 -9 -8 -8 -8 --------- Run | Scr Mat Min Mat Min Exi Min Mat Gar Machines Accessed 5 | . 1 . 1 . 1 . 2 . Terminals 1 | . 1 . . . . . . . Fabricators . | . . . . . . . . . Repair Stations . | . . . . . . . . . Recycling Units . | . . . . . . . . . Scanalyzers 2 | . . . 1 . . . 1 . Garrison Access 1 | . . . . . . . 1 . Total Hacks 18 | . 5 . 2 . 4 . 7 . Successful 14 | . 1 . 2 . 4 . 7 . Failed 4 | . 4 . . . . . . . Catastrophic . | . . . . . . . . . Database Lockouts . | . . . . . . . . . Manual . | . . . . . . . . . Terminals 5 | . 5 . . . . . . . Fabricators . | . . . . . . . . . Repair Stations . | . . . . . . . . . Recycling Units . | . . . . . . . . . Scanalyzers 8 | . . . 2 . . . 6 . Garrison Access 1 | . . . . . . . 1 . Terminal Hacks 5 | . 1 . . . 4 . . . Record 4 | . . . . . 4 . . . Zone Layout 1 | . 1 . . . . . . . Fabricator Hacks . | . . . . . . . . . Repair Station Hacks . | . . . . . . . . . Recycling Unit Hacks . | . . . . . . . . . Scanalyzer 8 | . . . 2 . . . 6 . Insert Component 4 | . . . 1 . . . 3 . Analyze 4 | . . . 1 . . . 3 . Garrison Access Hacks 1 | . . . . . . . 1 . Unlock Access 1 | . . . . . . . 1 . Unauthorized Hacks . | . . . . . . . . . Terminals . | . . . . . . . . . Fabricators . | . . . . . . . . . Repair Stations . | . . . . . . . . . Recycling Units . | . . . . . . . . . Scanalyzers . | . . . . . . . . . Garrison Access . | . . . . . . . . . Data Cores Recovered . | . . . . . . . . . Used . | . . . . . . . . . Hacking Detections 3 | . 1 . 1 . . . 1 . Full Trace Events 1 | . . . . . . . 1 . Feedback Events . | . . . . . . . . . Feedback Blocked . | . . . . . . . . . Robot Schematics Acquired . | . . . . . . . . . Robots Built . | . . . . . . . . . Authchips . | . . . . . . . . . Time . | . . . . . . . . . Total Robot Build Rating . | . . . . . . . . . Part Schematics Acquired 3 | . . . 1 . . . 2 . Parts Built . | . . . . . . . . . Authchips . | . . . . . . . . . Time . | . . . . . . . . . Total Part Build Rating . | . . . . . . . . . Parts Repaired . | . . . . . . . . . Time . | . . . . . . . . . Parts Recycled . | . . . . . . . . . Recycled Matter . | . . . . . . . . . Retrieved Matter . | . . . . . . . . . Retrieved Components . | . . . . . . . . . Parts Scanalyzed 4 | . . . 1 . . . 3 . Part Schematics Acquired 3 | . . . 1 . . . 2 . Parts Damaged . | . . . . . . . . . Bothacking | -11 -10 -10 -9 -9 -9 -8 -8 -8 ------------ Run | Scr Mat Min Mat Min Exi Min Mat Gar Used RIF Installer . | . . . . . . . . . Robots Hacked . | . . . . . . . . . Non-combat . | . . . . . . . . . Combat . | . . . . . . . . . Robot Hacks Applied . | . . . . . . . . . Relay Couplers Released . | . . . . . . . . . Fabnet Peak Effective % . | . . . . . . . . . Robots Rewired . | . . . . . . . . . Allies Hacked . | . . . . . . . . . Hacks Repelled . | . . . . . . . . . Allies | -11 -10 -10 -9 -9 -9 -8 -8 -8 -------- Run | Scr Mat Min Mat Min Exi Min Mat Gar Total Allies . | . . . . . . . . . Largest Group . | . . . . . . . . . Highest-Rated Group . | . . . . . . . . . Highest-Rated Ally . | . . . . . . . . . Total Orders . | . . . . . . . . . Ally Attacks . | . . . . . . . . . Total Damage . | . . . . . . . . . Kills . | . . . . . . . . . Allies Corrupted . | . . . . . . . . . Allies Melted . | . . . . . . . . . Intel | -11 -10 -10 -9 -9 -9 -8 -8 -8 ------- Run | Scr Mat Min Mat Min Exi Min Mat Gar Robot Analysis Total . | . . . . . . . . . Derelict Logs Recovered . | . . . . . . . . . Drone Launches . | . . . . . . . . . Drone Recoveries . | . . . . . . . . . Exploration | -11 -10 -10 -9 -9 -9 -8 -8 -8 ------------- Run | Scr Mat Min Mat Min Exi Min Mat Gar Turns Passed 5353 | 10 594 251 573 635 1256 1084 737 213 Spaces Moved 2112 | 3 302 133 274 272 483 348 234 63 Core 11 | . . 10 . . . . . 1 Treads 1960 | 3 302 72 184 272 483 348 234 62 Legs . | . . . . . . . . . Wheels 141 | . . 51 90 . . . . . Hover . | . . . . . . . . . Flight . | . . . . . . . . . Fastest Speed 95 | 160 160 95 95 160 240 240 240 240 Average Speed 209 | 160 160 157 138 231 240 240 240 250 Slowest Speed 850 | 160 160 450 240 240 240 240 240 850 Overloaded Moves . | . . . . . . . . . Propulsion Burnouts . | . . . . . . . . . Robots Hopped . | . . . . . . . . . Cave-ins Triggered . | . . . . . . . . . Exploration Rate (%) 44 | 2 53 27 39 69 86 71 31 25 Regions Visited 8 Branch Regions 4 Pre-discovered Areas 1 | . . . . . 1 . . . Known Exits Taken 1 | . . . . . . . 1 . Unknown Exits Taken 7 | 1 1 1 1 1 1 1 . . Scrap Searched 3 | . . . . 2 . 1 . . Spaces Dug . | . . . . . . . . . Terrain Destroyed 125 | . . . 4 . . 77 41 3 Melee . | . . . . . . . . . Projectile 1 | . . . . . . . 1 . AOE 124 | . . . 4 . . 77 40 3 Terrain Rammed . | . . . . . . . . . Walls Destroyed . | . . . . . . . . . Machines Disabled . | . . . . . . . . . Actions | -11 -10 -10 -9 -9 -9 -8 -8 -8 --------- Run | Scr Mat Min Mat Min Exi Min Mat Gar Total 2682 | 10 358 153 383 277 581 474 350 96 Wait 201 | . . . 32 . 96 35 33 5 Move 2105 | 2 301 132 273 271 482 347 234 63 Hop . | . . . . . . . . . Pick Up 48 | . 14 1 9 2 2 3 17 . Fast Attach 16 | . 5 2 2 . . 3 4 . Attach 25 | 2 . 2 6 . . 6 2 7 Detach 6 | . 3 . . . . 2 1 . Swap 26 | 1 1 . 5 1 . 5 9 4 Drop 38 | 5 5 . 8 2 1 2 14 1 Fire 211 | . 28 16 47 . . 69 35 16 Melee . | . . . . . . . . . Ram . | . . . . . . . . . Kick . | . . . . . . . . . Crush 6 | . 1 . 1 1 . 2 1 . Escape Stasis . | . . . . . . . . . Rewire . | . . . . . . . . . Trap . | . . . . . . . . . Miscellaneous . | . . . . . . . . . Route ------- -11/Scrapyard -10/Materials (discovered 3 exits: *Mat / [*Min x2]) -10/Mines -9/Materials (discovered 2 exits: [*Min] / [*Sto]) -9/Mines (discovered 2 exits: Mat / *Exi) -9/Exiles -8/Mines -8/Materials -8/Garrison History --------- Turn | Location | Event 8 | -11/Scrapyard | Discovered new exit (range 0) 11 | -11/Scrapyard | Entered Materials 31 | -10/Materials | Discovered new exit (range 11) 294 | -10/Materials | Discovered new exit (range 9) 318 | -10/Materials | Build established: Mutant 450 | -10/Materials | Discovered new exit (range 9) 605 | -10/Materials | Entered Mines 693 | -10/Mines | Assembled infested the area 737 | -10/Mines | Core integrity fell below 50% 767 | -10/Mines | Lost 6 parts (2n1u3w) 841 | -10/Mines | Discovered new exit (range 14) 856 | -10/Mines | Entered Materials 856 | -9/Materials | Evolved 2 slots: Utility x2 1157 | -9/Materials | Build established: Scavenger-Mutant 1178 | -9/Materials | Discovered new exit (range 8) 1344 | -9/Materials | Discovered new exit (range 7) 1429 | -9/Materials | Entered Mines 1906 | -9/Mines | Discovered new exit (range 10) 2054 | -9/Mines | Deemed a non-threat by the Exiles lab entrance 2054 | -9/Mines | Discovered new exit (range 5) 2064 | -9/Mines | Entered Exiles 2122 | -9/Exiles | Met 8R-AWN 2168 | -9/Exiles | Met EX-HEX 2235 | -9/Exiles | Met EX-BIN 2393 | -9/Exiles | Met EX-DEC 2634 | -9/Exiles | Visited The Gauntlet 2981 | -9/Exiles | Discovered new exit (range 14) 3186 | -9/Exiles | Learned location of Zion (-6) 3320 | -9/Exiles | Entered Mines 3702 | -8/Mines | Lost 3 parts (1n1u1w) 4073 | -8/Mines | Build established: Mutant 4375 | -8/Mines | Discovered new exit (range 8) 4404 | -8/Mines | Entered Materials 4404 | -8/Materials | Evolved 2 slots: Utility x2 5015 | -8/Materials | Garrison activated, responded to threat 5020 | -8/Materials | Build established: Scavenger-Skirmisher 5141 | -8/Materials | Identified exit to Garrison 5141 | -8/Materials | Entered Garrison 5298 | -8/Garrison | Triggered checkpoint 5304 | -8/Garrison | Triggered checkpoint 5320 | -8/Garrison | Core integrity fell below 50% 5333 | -8/Garrison | Core integrity fell below 20% 5354 | -8/Garrison | Destroyed by Y-45 Defender with Beam Rifle Last Messages --------------- 05321_ Dropped Hcp. Battery. 05322_ Extracted 92 energy. 05327_ Structural Scanner destroyed. 05330_ Penetrated by Slug. 05330_ Adv. Assault Cannon destroyed. 05330_ System corrupted by crushing effect (+1). 05330_ Knocked back. 05332_ Adv. Assault Cannon severed. 05334_ Penetrated by Slug. 05334_ L-31 Rogue destroyed. 05338_ Penetrated by Slug. 05338_ B-36 Bruiser destroyed. 05341_ Penetrated by Slug. 05342_ S-10 Pest destroyed. 05344_ Penetrated by Slug. 05344_ H-55 Commando knocked back. 05347_ Penetrated by Slug. 05350_ Extracted 36 energy. 05353_ Penetrated by Slug. 05354_ Critical hit (Burn: +37). Map ----- +----------------------------------------------------+ | ??????????????????????????????????????# #??????? | | ??????????????????????????????????????# #??????? | | ??????????????????????????????????????# #??????? | | ??????????????????????????????????????# #??????? | | ??????????????????????????????????????# #??????? | | ??????????????????????????????????????# #??????? | | ??????????????????????????????????????# #??????? | | ??????????????????????????????????????# #??????? | | ??????????????????????????????????????# #??????? | | ??????????????????????????????????????# #??????? | | ??????????????????????????????????????# #??????? | | ?????????????????????????????????###### #####??? | | ?????????????????????????????????# # | | ?????????????????????????????????# #### #######? | | ?????????????????????????????????# #??# #??????? | | ??????????????#??????????????????# #??# ^^#??????? | | ??????????????# ??####???????????# #??# #??????? | | ??????????????# ?# ???????????# #??# #??????? | | ?????????????## ## "########### #### #??????? | | ?????????????# #??????? | | ???????????? #??????? | | ???????????? #??????? | | ?????????????# ## ## ###############??????? | | ???????????### # ## % ###??????????????????? | | ???????????# % #??????????????????? | | ???????? ; ]!@ % #??????????????????? | | ???????????# % %% Y#??????????????????? | | ???????????# h %% % Y #??????????????????? | | ???????????### % ##^^^###??????????????????? | | ?????????????# ## %?#^^^#????????????????????? | | ???????????? ? ? #????????????????????? | | ?????????? ? ? #????????????????????? | | ??????????##?? #????????????????????? | | ?????????????## ##*= *## #????????????????????? | | ??????????????# ?#%%%??# #????????????????????? | | ??????????????# ??####??# #????????????????????? | | ??????????????#?????????? #????????????????????? | | ????????????????????????? #????????????????????? | | ????????????????????????? #????????????????????? | | ????????????????????????? #????????????????????? | | ????????????????????????? ?????????????????????? | | ?????????????????????????????????????????????????? | | ?????????????????????????????????????????????????? | | ?????????????????????????????????????????????????? | | ?????????????????????????????????????????????????? | | ?????????????????????????????????????????????????? | | ?????????????????????????????????????????????????? | | ?????????????????????????????????????????????????? | | ?????????????????????????????????????????????????? | | ?????????????????????????????????????????????????? | +----------------------------------------------------+ Best States ------------- Heat Dissipation 42 Energy Generation 14 Energy Capacity 265 Matter Stores 300 Matter Capacity 300 Sight Range 16 Terrain Scan Range 14 Terrain Scan Density 85 Armor Coverage 225 Resistance: KI 20 Resistance: TH 20 Resistance: EX 20 Resistance: EM 20 Resistance: I 20 Resistance: S 20 Resistance: P 20 Evasion (%) 41 Recoil Reduction 2 Offensive Hacking 10 Item Schematics ----------------- Lgt. Cannon | -9/Materials | Scanalyzed Arm. Treads | -8/Materials | Scanalyzed Hcp. Storage Unit | -8/Materials | Scanalyzed Robot Schematics ------------------ None Fabricated ------------ Nothing Alien Tech Used ----------------- None Achievements -------------- None Challenges ------------ None Game ------ Seed LatentPropulsionAccelerator Manual? 0 Play Time 00:40:23 Cumulative 893.1 hours Start 2022.04.16 @ 18:11:44 End 2022.04.16 @ 18:53:29 Sessions 1 Manual Loads 0 Difficulty Adventurer Special Mode None Game No. 188 Rogue 1 Adventurer 187 Explorer 0 Win Type - Total 3 Types 3/0/0/0/0/0/0/0/0 Lore% 68 Gallery% 81 Achievement% 64 Wizard Run 0 Options --------- ASCII 0 Keyboard 0 Movement Mouse Keybinds 0 Fullscreen 0 Font 16/SmallcapsGlow Map View 76x50 Tactical HUD 1 Map Filters NONE Filters BRIGHTNESS(125)|SATURATION(75)|LOW_CONTRAST(13,24,33)|SHIFT_HUE(130) Steam 1 RUN: 6dc6ec47-8f70-475b-8d12-d9762ff08c6a